 Seeded DCSS version 0.27-a0-1273-gec92ba8 (webtiles) character file.

Game seed: 3375557939289291370 (custom seed)

41625 AmazingTV the Unseen (level 13, -1/65 HPs)
             Began as a Spriggan Abyssal Knight on June 11, 2021.
             Was a High Priest of Lugonu.
             Killed from afar by a catoblepas (4 damage)
             ... with a blast of calcifying dust
             ... on level 4 of the Lair of Beasts.
             The game lasted 02:14:38 (29629 turns).

AmazingTV the Unseen (Spriggan Abyssal Knight)     Turns: 29629, Time: 02:14:38

Health: -1/65      AC:  7    Str: 13    XL:     13   Next: 81%
Magic:  19/19      EV: 50    Int: 13    God:    Lugonu [*****.]
Gold:   1490       SH:  0    Dex: 26    Spells: 12/12 levels left

rFire    + . .     SeeInvis +   a - +11 rapier "Hoggikk" {speed, Str+3 Dex+2}
rCold    . . .     Faith    .   (shield restricted)
rNeg     . . .     Spirit   .   S - +2 robe {rF+}
rPois    +         Reflect  .   i - +2 hat {SInv}
rElec    .         Harm     .   J - +0 cloak
rCorr    .         Rampage  .   (gloves unavailable)
Will     ++...                  (boots unavailable)
Stlth    ++++++++..             e - amulet of the acrobat
HPRegen  0.20/turn              V - +6 ring of dexterity
MPRegen  0.16/turn              P - ring of poison resistance

@: acrobatic, very quick
A: very small, no large weapons, unfitting armour, see invisible, speed 3
a: Renounce Religion, Depart the Abyss, Bend Space, Banish, Corrupt, Enter the
Abyss


You were on level 4 of the Lair of Beasts.
You worshipped Lugonu.
Lugonu was extremely pleased with you.
You visited 2 branches of the dungeon, and saw 16 of its levels.
You visited the Abyss 1 time.
You also visited: Gauntlet.

You collected 1490 gold pieces.

Inventory:

Hand Weapons
 a - the +11 rapier "Hoggikk" (weapon) {speed, Str+3 Dex+2}
   (You found it on level 1 of the Lair of Beasts)

   Attacks with this weapon are significantly faster.
   It affects your strength (+3).
   It affects your dexterity (+2).
 b - the +4 shortbow "Wyhuint" {flame, rC+}
   (You found it on level 12 of the Dungeon)

   It causes projectiles fired from it to burn those they strike, causing extra
   injury to most foes and up to half again as much damage against particularly
   susceptible opponents.
   It protects you from cold.
 c - a +3 dagger of freezing
 H - a +3 mace
 I - a +4 scimitar of flaming
 K - a +0 dagger of speed
 Z - a +2 dagger of distortion
Missiles
 x - 76 poisoned darts
 A - 15 arrows
 L - 3 throwing nets (quivered)
 U - 7 atropa-tipped darts
Armour
 i - a +2 hat of see invisible (worn)
 J - a +0 cloak (worn)
 S - a +2 robe of fire resistance (worn)
Jewellery
 e - an amulet of the acrobat (around neck)
 g - a ring of fire
 h - a ring of resist corrosion
 n - a ring of ice
 r - a ring of flight
 v - a ring of poison resistance
 w - a ring of willpower
 z - a +6 ring of strength
 D - a ring of wizardry
 E - a ring of positive energy
 P - a ring of poison resistance (right hand)
 V - a +6 ring of dexterity (left hand)
Wands
 y - a wand of paralysis (8)
 C - a wand of flame (24)
 G - a wand of digging (10)
 M - a wand of acid (11)
 N - a wand of iceblast (20)
 X - a wand of charming (20)
Scrolls
 d - 2 scrolls of fog
 f - 10 scrolls of identify
 j - a scroll of noise {unknown}
 k - a scroll of vulnerability {unknown}
 l - 2 scrolls of holy word {unknown}
 m - 2 scrolls of enchant armour {unknown}
 o - 4 scrolls of amnesia
 q - 7 scrolls of enchant weapon
 s - 9 scrolls of teleportation
 t - 2 scrolls of brand weapon {unknown}
 F - 2 scrolls of torment {unknown}
 O - 3 scrolls of acquirement {unknown}
Potions
 p - 3 potions of curing
 u - a potion of resistance
 B - a potion of berserk rage
 Q - 2 potions of haste
 R - 3 potions of brilliance
 T - 2 potions of flight
 W - 2 potions of invisibility
 Y - 2 potions of mutation


   Skills:
 - Level 6.3 Fighting
 * Level 13.5 Short Blades
 - Level 1.6 Axes
 + Level 1.4 Bows
 + Level 15.6 Dodging
 + Level 18.5 Stealth
 + Level 7.7 Invocations


You had 12 spell levels left.
You didn't know any spells.
Your spell library contained the following spells:

 Spells                   Type           Power      Damage    Failure   Level
 Animate Skeleton         Necr           0%         N/A       30%         1
 Apportation              Tloc           0%         N/A       30%         1
 Corona                   Hex            0%         N/A       30%         1
 Magic Dart               Conj           0%         1d3       30%         1
 Summon Small Mammal      Summ           0%         N/A       30%         1
 Blink                    Tloc           N/A        N/A       43%         2
 Call Imp                 Summ           0%         N/A       43%         2
 Slow                     Hex            0%         N/A       43%         2
 Conjure Flame            Conj/Fire      0%         6-21      67%         3
 Mephitic Cloud           Conj/Pois/Air  0%         N/A       67%         3
 Cause Fear               Hex            0%         N/A       97%         4
 Lightning Bolt           Conj/Air       0%         1d11      100%        5
 Silence                  Hex/Air        0%         N/A       100%        5
 Yara's Violent Unravell  Hex/Tmut       0%         3d3       100%        5
 Orb of Destruction       Conj           0%         N/A       100%        7
 Summon Hydra             Summ           0%         N/A       100%        7
 Discord                  Hex            0%         N/A       100%        8


Dungeon Overview and Level Annotations

Branches:
Dungeon (12/15)            Temple (0/1) D:6            Lair (4/6) D:10
 Shoals (0/4) Lair:3        Snake (0/4) Lair:4          Orc (0/2) D:9
Gauntlet (visited)

Altars:
Ashenzari
Cheibriados
Dithmenos
Elyvilon
Fedhas
Gozag
Hepliaklqana
Kikubaaqudgha
Okawaru
Qazlal
Trog
Vehumet
Xom
Yredelemnul
The Shining One

Shops:
D:2 [   D:8 !

Annotations:
D:6 1 runed translucent door, Scriper's ghost, novice SpDe
D:9 corrupted
D:10 Lair SE
Lair:3 exclusion: 2 oklob plants
Abyss:1 Grinder


Innate Abilities, Weirdness & Mutations

You are very small and have problems with some larger weapons.
You are too small for most types of armour.
You have supernaturally acute eyesight. (SInv)
You cover ground extremely quickly. (Speed+++)


Message History

You kill the komodo dragon!
Lugonu accepts your kill.
A four-headed hydra comes into view.
You hit the catoblepas but do no damage.
The catoblepas breathes a plume of calcifying dust at you.
The blast of calcifying dust hits you.
You hit the catoblepas but do no damage.
You are engulfed in calcifying dust.
You puncture the catoblepas!
The catoblepas is lightly wounded.
You are engulfed in calcifying dust.
You are slowing down.
The catoblepas misses you.
You hit the catoblepas.
The catoblepas is lightly wounded.
You are engulfed in calcifying dust.
The catoblepas breathes a plume of calcifying dust at you.
The blast of calcifying dust hits you!
Your limbs are stiffening.
The catoblepas breathes a plume of calcifying dust at you.
The blast of calcifying dust hits you.
You are engulfed in calcifying dust.
Your limbs have turned to stone.
The catoblepas smashes its foot into the ground.
The catoblepas barely misses you.
You have turned to stone.
You are engulfed in calcifying dust.
The catoblepas breathes a plume of calcifying dust at you.
The blast of calcifying dust hits you!
You are engulfed in calcifying dust.
The catoblepas gores you!!
You are engulfed in calcifying dust.
The catoblepas gores you!! The catoblepas gores you!! The catoblepas gores you!
* * * LOW HITPOINT WARNING * * *
The catoblepas breathes a plume of calcifying dust at you.
The blast of calcifying dust hits you.
* * * LOW HITPOINT WARNING * * *
You are engulfed in calcifying dust.
The catoblepas gores you!!
* * * LOW HITPOINT WARNING * * *
You turn to flesh and can move again.
The catoblepas breathes a plume of calcifying dust at you.
The blast of calcifying dust hits you.
You die...

############## #............#*
#### ##....@......#,* *..# ## ###
###..(.§.......#*#######.
.####.###.##..§......>.###..##.##
.#...#.#......§.......#.....#....
.............Y...................
.................................
.................................
.................................
..§§§§§§.........................


You could see a catoblepas.

Vanquished Creatures
  Gastronok (Lair:2)
  A minotaur (Gauntlet)
  Fannar (Lair:3)
  A catoblepas (Lair:3)
  A boulder beetle (D:12)
  3 hydras
  Erica (Lair:2)
  2 two-headed ogres (D:8)
  Pikel (D:4)
  An orange crystal statue (Gauntlet)
  A deep elf pyromancer (D:12)
  An orc knight (D:12)
  An oklob plant (Lair:3)
  A deep elf zephyrmancer (D:8)
  A moth of wrath (Gauntlet)
  A black mamba (Lair:4)
  A minotaur zombie (Gauntlet)
  2 gargoyles (D:12)
  7 cane toads
  A kobold demonologist (D:11)
  7 komodo dragons
  A rime drake (D:12)
  2 polar bears
  Prince Ribbit (D:6)
  A hornet (D:8)
  A slime creature (D:12)
  A snapping turtle (Lair:3)
  21 blink frogs
  3 redbacks (Gauntlet)
  2 wraiths
  4 vampires
  34 yaks
  5 wyverns
  2 basilisks (D:10)
  2 steam dragons
  A warg (D:8)
  7 vampire mosquitoes
  An acid dragon (D:12)
  A naga (Lair:4)
  11 water moccasins
  A swamp drake (D:10)
  An ice beast (D:5)
  5 orc warriors
  A sky beast (D:6)
  2 necrophages (D:6)
  8 ogres
  3 centaurs
  11 wolves
  2 phantoms
  8 bullfrogs
  5 kobold brigands
  A gnoll sergeant (D:11)
  6 killer bees (D:10)
  10 wights
  11 howler monkeys
  2 bullfrog zombies
  2 jellies
  11 orc priests
  Crazy Yiuf (D:6)
  A bullfrog skeleton (D:5)
  7 hounds
  3 centaur zombies
  A gnoll shaman (D:8)
  A centaur skeleton (D:7)
  A human skeleton (D:8)
  A scorpion zombie (D:5)
  6 orc wizards
  A killer bee zombie (D:7)
  2 hound zombies (D:5)
  3 hound skeletons
  3 howler monkey zombies
  13 gnolls
  6 adders
  A howler monkey skeleton (D:4)
  An ufetubus (D:7)
  An adder skeleton (D:4)
  3 worms
  3 dart slugs
  26 orcs
  10 endoplasms
  2 giant cockroaches
  10 goblins
  7 hobgoblins
  8 jackals
  2 quokkas
  5 ball pythons
  5 bats
  7 frilled lizards
  22 kobolds
  A rat (D:1)
392 creatures vanquished.

Vanquished Creatures (others)
  An ogre mage (D:10)
  A boulder beetle (D:10)
  2 orc knights (D:10)
  A wolf spider (D:10)
  An ugly thing (D:10)
  2 manticores
  A black mamba (shapeshifter) (D:10)
  A cyclops (D:10)
  An efreet (D:10)
  A tengu conjurer (D:10)
  A human (shapeshifter) (D:10)
  A human (D:8)
  2 orc warriors (D:9)
  A kobold brigand (D:10)
  4 wights (D:9)
  2 howler monkeys (D:9)
  2 orc priests (D:9)
  3 orc wizards (D:9)
  A gnoll (D:8)
  7 orcs (D:9)
  3 kobolds
  12 fungi
  40 plants
  2 starspawn tentacles (D:10)
93 creatures vanquished.

Grand Total: 485 creatures vanquished

Notes
Turn   | Place    | Note
-------+----------+-------------------------------------------
     0 | Abyss:1  | AmazingTV the Spriggan Abyssal Knight began the quest for
                  | the Orb.
     0 | Abyss:1  | Reached XP level 1. HP: 11/11 MP: 3/3
    39 | D:1      | Escaped the Abyss
   406 | D:1      | Reached skill level 1 in Stealth
   411 | D:1      | Reached XP level 2. HP: 16/16 MP: 4/4
   428 | D:1      | Reached skill level 2 in Stealth
   436 | D:1      | Reached skill level 1 in Short Blades
   490 | D:1      | Found a faded altar of an unknown god.
   559 | D:1      | Reached skill level 3 in Stealth
   791 | D:1      | Reached ** piety under Lugonu
   839 | D:1      | Reached XP level 3. HP: 19/19 MP: 5/5
  1218 | D:2      | Reached skill level 4 in Stealth
  1405 | D:2      | Reached XP level 4. HP: 22/23 MP: 6/6
  1441 | D:2      | Found Reesocobb's Armour Boutique.
  1513 | D:2      | Reached skill level 5 in Stealth
  2165 | D:3      | Found a stormy altar of Qazlal.
  2520 | D:3      | Reached XP level 5. HP: 27/27 MP: 7/7
  2536 | D:3      | Reached skill level 6 in Stealth
  2980 | D:3      | Found a radiant altar of Vehumet.
  3081 | D:4      | Reached *** piety under Lugonu
  3082 | D:4      | Reached skill level 7 in Stealth
  3683 | D:4      | Found a bloodstained altar of Trog.
  3713 | D:4      | Reached XP level 6. HP: 20/32 MP: 8/8
  4482 | D:4      | Found a snail-covered altar of Cheibriados.
  4651 | D:4      | Reached skill level 8 in Stealth
  4737 | D:4      | Noticed Pikel
  5367 | D:4      | Reached skill level 9 in Stealth
  5579 | D:4      | Killed Pikel
  5580 | D:4      | Reached skill level 5 in Short Blades
  5580 | D:4      | Reached skill level 11 in Stealth
  5580 | D:4      | Reached XP level 7. HP: 17/35 MP: 9/9
  5872 | D:4      | Noticed Grinder
  5882 | D:4      | Banished Grinder
  5883 | D:4      | Reached XP level 8. HP: 39/39 MP: 10/10
  6015 | D:5      | Entered Level 5 of the Dungeon
  6213 | D:5      | Reached skill level 12 in Stealth
  6230 | D:5      | Found an opulent altar of Gozag.
  7705 | D:6      | Reached skill level 13 in Stealth
  7752 | D:6      | Found a hazy altar of Hepliaklqana.
  7785 | D:6      | Found a runed translucent door.
  7785 | D:6      | Found a shimmering altar of Xom.
  7785 | D:6      | Noticed Scriper's ghost (novice SpDe)
  7786 | D:6      | Noticed a +1 dagger of chaos
  7786 | D:6      | Noticed Prince Ribbit
  7797 | D:6      | Reached XP level 9. HP: 36/43 MP: 11/11
  7804 | D:6      | Killed Prince Ribbit
  7908 | D:6      | Found a runed translucent door.
  7909 | D:6      | Noticed Crazy Yiuf
  7918 | D:6      | Killed Crazy Yiuf
  7964 | D:6      | Reached skill level 5 in Dodging
  8300 | D:6      | Reached **** piety under Lugonu
  8457 | D:6      | Found a white marble altar of Elyvilon.
  8535 | D:6      | Reached skill level 14 in Stealth
  8702 | D:6      | Found a glowing golden altar of the Shining One.
  8780 | D:6      | Found a shadowy altar of Dithmenos.
  8913 | D:6      | Found a staircase to the Ecumenical Temple.
  8974 | D:6      | Found a blossoming altar of Fedhas.
  9739 | D:7      | Identified the Collected Works on the Entourage and Attacks
 10343 | D:8      | Reached XP level 10. HP: 48/48 MP: 12/12
 10369 | D:8      | Found a runed translucent door.
 10373 | D:8      | Found a basalt altar of Yredelemnul.
 10414 | D:8      | Noticed a two-headed ogre
 10556 | D:8      | Killed a two-headed ogre
 10557 | D:8      | Reached skill level 10 in Short Blades
 11293 | D:8      | Found Bipiw's Distillery.
 11391 | D:8      | Noticed a deep elf zephyrmancer
 11394 | D:8      | Killed a deep elf zephyrmancer
 11395 | D:8      | Reached skill level 15 in Stealth
 12368 | D:8      | Noticed a two-headed ogre
 12786 | D:8      | Killed a two-headed ogre
 12787 | D:8      | Reached skill level 10 in Dodging
 13208 | D:8      | Reached ***** piety under Lugonu
 13219 | D:8      | Reached XP level 11. HP: 36/53 MP: 13/13
 13754 | D:9      | Found an iron altar of Okawaru.
 13860 | D:10     | Entered Level 10 of the Dungeon
 14136 | D:9      | Corrupted D:9
 14136 | D:9      | Noticed a thrashing horror
 14136 | D:9      | Noticed a +0 dire flail of draining
 14136 | D:9      | Noticed a bone dragon
 14136 | D:9      | Noticed a large abomination
 14136 | D:9      | Noticed a starcursed mass
 15599 | D:9      | Found a staircase to the Orcish Mines.
 16468 | D:10     | Found an ancient bone altar of Kikubaaqudgha.
 16583 | D:10     | Noticed a purple ugly thing
 16600 | D:10     | Noticed an ogre mage
 16603 | D:10     | Corrupted D:10
 16603 | D:10     | Noticed a boulder beetle
 16603 | D:10     | Noticed a wolf spider
 16603 | D:10     | Noticed a tentacled starspawn
 16603 | D:10     | Noticed a lich
 16603 | D:10     | Noticed an orc knight
 16606 | D:10     | Noticed a thrashing horror
 16608 | D:10     | Killed a purple ugly thing
 16612 | D:10     | Killed an ogre mage
 16616 | D:10     | Killed a wolf spider
 16623 | D:10     | Noticed a starcursed mass
 16624 | D:10     | Killed an orc knight
 16625 | D:10     | Noticed a starcursed mass
 16626 | D:10     | Noticed a starcursed mass
 16630 | D:10     | Noticed an orc knight
 16632 | D:10     | Noticed a shining eye
 16632 | D:10     | Killed an orc knight
 16634 | D:10     | Killed a boulder beetle
 16652 | D:10     | Noticed a balrug
 17144 | D:10     | Reached skill level 5 in Fighting
 17190 | D:10     | Found a staircase to the Lair.
 17208 | D:10     | Reached skill level 16 in Stealth
 19763 | D:11     | Found a broken altar of Ashenzari.
 20167 | D:12     | Noticed a five-headed hydra
 20170 | D:12     | Killed a five-headed hydra
 20248 | D:12     | Found a frozen archway.
 20257 | D:12     | Reached XP level 12. HP: 60/60 MP: 16/16
 21179 | D:12     | Noticed a boulder beetle
 21417 | D:12     | Killed a boulder beetle
 21640 | D:12     | Reached skill level 5 in Invocations
 22021 | D:12     | Identified the +4 shortbow "Wyhuint" {flame, rC+}
 22059 | D:12     | Reached skill level 17 in Stealth
 22540 | Lair:1   | Entered Level 1 of the Lair of Beasts
 22545 | Lair:1   | Identified the +11 rapier "Hoggikk" {speed, Str+3 Dex+2}
 23372 | Lair:1   | Noticed a four-headed hydra
 23383 | Lair:1   | Killed a four-headed hydra
 23648 | Lair:2   | Noticed Erica
 23650 | Lair:2   | Killed Erica
 24609 | Lair:2   | Reached XP level 13. HP: 65/65 MP: 18/18
 25027 | Lair:2   | Noticed Gastronok
 25043 | Lair:2   | Killed Gastronok
 25044 | Lair:2   | Reached skill level 15 in Dodging
 25622 | Lair:3   | Noticed Fannar
 25821 | Lair:3   | Killed Fannar
 26105 | Lair:3   | Found a staircase to the Shoals.
 26130 | Lair:3   | Reached skill level 18 in Stealth
 27972 | Lair:4   | Found a staircase to the Snake Pit.
 28126 | Lair:4   | Found a gate leading to a gauntlet.
 28137 | Gauntlet | Entered a Gauntlet
 28137 | Gauntlet | Found a transporter.
 28140 | Gauntlet | Noticed a dire elephant
 28192 | Gauntlet | Found a transporter.
 28206 | Gauntlet | Found a transporter.
 28210 | Gauntlet | Found a transporter.
 28222 | Gauntlet | Found a transporter.
 28240 | Gauntlet | Found a transporter.
 28250 | Gauntlet | Found a transporter.
 28254 | Gauntlet | Found a transporter.
 28283 | Gauntlet | Found a transporter.
 28295 | Gauntlet | Found a transporter.
 28299 | Gauntlet | Found a transporter.
 28309 | Gauntlet | Found a transporter.
 28470 | Gauntlet | Identified the ring "Domej" {rElec rC+ rCorr Str-4 Int+6}
 28499 | Gauntlet | Noticed a minotaur
 28507 | Gauntlet | Killed a minotaur
 28510 | Gauntlet | Identified the +3 quarterstaff of Action {flame, Int+4
                  | SInv}
 28703 | Lair:4   | Reached skill level 1 in Bows
 29621 | Lair:4   | HP: 2/65 [catoblepas (11)]
 29629 | Lair:4   | Killed from afar by a catoblepas

Illustrated notes

Levels and vault maps discovered:
D:1:      dpeg_arrival_three_smaller_balls, layout_rooms,
          hellmonk_ecumenical_altar_prayer_group, minmay_split_cup_large
D:2:      layout_rooms, serial_shops, nicolae_shop_crystal
D:3:      layout_basic, lemuel_coloured_pillars_altar,
          nicolae_overflow_hidden_temple
D:4:      layout_basic, trog_hazing_becter, slow_altar_1, uniq_pikel,
          uniq_grinder
D:5:      layout_gridville, amcnicky_altar_gilded
D:6:      layout_rooms, fedhas_altar_decomposition,
          nicolae_overflow_crystal_walls, nicolae_hepliaklqana_hippocampus,
          nicolae_dithmenos_shadow_blocks, elyvilon_altar_5,
          minmay_temple_entry_from_below_a, ebering_ghost_xom,
          uniq_crazy_yiuf_cottage, uniq_prince_ribbit1
D:7:      layout_basic, kennysheep_donut, minmay_misc_feat_pillars
D:8:      lemuel_castle_with_subvaults [lemuel_castle_interior_carwin_1],
          layout_cave_pools, dk_yredelemnul_ordeal, serial_shops, shop,
          guppyfry_early_elven_hall
D:9:      layout_gridville, overflow_temple_1_default, david_orc_4, st_stairs_6
D:10:     layout_basic, kiku_gazebo_pond_becter, erik_lair_dragon,
          minmay_misc_feat_diagonals, minivault_28
D:11:     layout_irregular_city, skrybe_limestone_x,
          ashenzari_conservatory_becter
D:12:     layout_loops_cross, portal_ice_cave_entry_animals_and_master,
          minmay_bent
Lair:1:   layout_hall_layers, chequers_serial_rivers_room_a, minivault_24
Lair:2:   layout_chaotic_city, chequers_serial_rivers_micro_b,
          serial_bayou_lagoon_a, lemuel_fruit_tree, serial_bayou_shore_b,
          grunt_megastairs_3, uniq_erica, uniq_gastronok
Lair:3:   dpeg_oklob_gauntlet, layout_misc_corridors, minmay_shoals_entry_hut,
          uniq_fannar
Lair:4:   layout_hall_layers, guppyfry_snake_entry_garden,
          gauntlet_entry_generic, serial_bayou_pond_a

Skill      XL: |  1  2  3  4  5  6  7  8  9 10 11 12 13 |
---------------+----------------------------------------+-----
Stealth        | 1 3 4 5 7 11 13 14 15 16 17 18 | 18.5
Short Blades   | 1 2 3 5 7 9 10 11 12 13 | 13.5
Dodging        | 4 7 10 12 14 15 | 15.6
Fighting       | 4 5 6 |  6.3
Invocations    | 4 6 7 |  7.7
Bows           | 1 |  1.4
Axes           | |  1.6

Action                   |  1- 3 |  4- 6 |  7- 9 | 10-12 | 13-15 || total
-------------------------+-------+-------+-------+-------+-------++-------
Melee: Dagger            |    94 |   187 |   289 |   831 |    23 ||  1424
       Hand axe          |    13 |       |       |       |       ||    13
       Rapier            |       |       |       |   187 |   371 ||   558
 Fire: Shortbow          |       |       |       |       |    25 ||    25
Throw: Throwing net      |       |     4 |     2 |     4 |     4 ||    14
       Dart              |       |       |       |       |     1 ||     1
Invok: Corrupt           |       |       |       |     2 |       ||     2
       Bend Space        |       |       |       |     2 |       ||     2
       Banish            |       |       |       |     1 |       ||     1
  Use: Scroll            |       |       |     4 |    11 |     2 ||    17
       Potion            |       |       |     1 |     4 |     1 ||     6
 Stab: Sleeping          |     4 |    10 |    19 |    22 |    11 ||    66
       Distracted        |     1 |     3 |     3 |    15 |     4 ||    26
       Held in net/web   |       |       |       |     3 |     5 ||     8
Armor: Robe              |     8 |    11 |    12 |    12 |    12 ||    55
Dodge: Dodged            |    68 |   143 |   162 |   639 |   216 ||  1228

Table legend: (Time is in decaauts)
 A = Elapsed time spent in this place.
 B = Non-inter-level travel time spent in this place.
 C = Inter-level travel time spent in this place.
 D = Time resting spent in this place.
 E = Time spent auto-exploring this place.
 F = Levels seen in this place.
 G = Mean time per level.
                   A        B        C        D        E       F      G
               +--------+--------+--------+--------+--------+-----+--------+
         Total |  23342 |  22159 |   1183 |  12828 |   4845 |  18 | 1296.8 |
       Dungeon |  18158 |  17225 |    933 |   9857 |   3976 |  12 | 1513.2 |
          Lair |   4881 |   4632 |    249 |   2901 |    846 |   4 | 1220.2 |
         Abyss |     23 |     23 |      0 |      0 |     22 |   1 |   23.0 |
      Gauntlet |    278 |    278 |      0 |     70 |      0 |   1 |  278.0 |
               +--------+--------+--------+--------+--------+-----+--------+

Top non-repeatable levels by time:
    D:10: 3045 daAuts
  Lair:3: 2064 daAuts
     D:4: 2064 daAuts
     D:8: 1978 daAuts
     D:9: 1857 daAuts
     D:5: 1603 daAuts
    D:11: 1384 daAuts
     D:3: 1253 daAuts
    D:12: 1230 daAuts
     D:7: 1214 daAuts
  Lair:2: 1106 daAuts
     D:6: 1001 daAuts
     D:1: 949 daAuts
  Lair:1: 890 daAuts
  Lair:4: 820 daAuts
